 Dungeon Crawl Stone Soup version 0.30-a0-728-gc68057be0a (webtiles) character file.

Game seed: 10119147159794934710

2 dialectric the Covered (level 1, -3/10 HPs)
             Began as a Gargoyle Wanderer on Jan 30, 2023.
             Slain by a kobold
             ... wielding a +0 mace
              (6 damage)
             ... on level 1 of the Dungeon.
             The game lasted 00:00:32 (45 turns).

dialectric the Covered (Gargoyle Wanderer)            Turns: 45, Time: 00:00:33

Health: -3/10      AC: 12    Str: 17    XL:     1   Next: 40%
Magic:  2/2        EV:  7    Int: 10    God:
Gold:   0          SH:  3    Dex:  9    Spells: 1/2 levels left

rFire   x . .      SeeInvis .    a - +0 club
rCold   . . .      Faith    .    b - +0 buckler
rNeg    + . .      Spirit   .    d - +0 chain mail
rPois   ∞          Reflect  .    (no helmet)
rElec   +          Harm     .    (no cloak)
rCorr   .          Rampage  .    (no gloves)
Will    .....                    (no boots) Stlth
                                 (no amulet)
HPRegen 0.21/turn                (no ring)
MPRegen 0.08/turn                (no ring)

@: no status effects
A: sickness immunity, AC +2, negative energy resistance 1, electricity
resistance, torment resistance 1, petrification resistance, wild magic 1, heat
vulnerability 1
a: no special abilities


You were on level 1 of the Dungeon.
You visited 1 branch of the dungeon, and saw 1 of its levels.

Inventory:

Hand Weapons
 a - a +0 club (weapon)
Armour
 b - a +0 buckler (worn)
 d - a +0 chain mail (worn)


   Skills:
 - Level 1.0 Throwing
 + Level 5.6 Armour
 + Level 1.0 Dodging
 + Level 1.1 Shields
 - Level 1.0 Spellcasting
 - Level 1.0 Poison Magic


You had one spell level left.
You knew the following spells:

 Your Spells              Type           Power      Damage    Failure   Level
a - Sting                 Tmut/Pois      4%         1d3       99%         1

Your spell library contained the following spells:

 Spells                   Type           Power      Damage    Failure   Level
 Spider Form              Tmut/Pois      1%         N/A       100%        3


Dungeon Overview and Level Annotations

Branches:
Dungeon (1/15)

Altars:


Innate Abilities, Weirdness & Mutations

You are immune to sickness and miasma.
Your stone body is resilient. (AC +2)
You are immune to poison.
You resist negative energy. (rN+)
You are resistant to electric shocks. (rElec)
You are resistant to unholy torment.
You are immune to petrification.
Your spells are a little harder to cast, but a little more powerful.
You are vulnerable to heat. (rF-)


Message History

No target in view!
No target in view!
No target in view!
No target in view!
You see here 6 stones.
There is an open door here.
There is an open door here.
You open the door.
There is an open door here.
You open the door.
A kobold comes into view. It is wielding a +0 mace.
There is an open door here.
A kobold is nearby!
A kobold is nearby!
You barely miss the kobold. The kobold barely misses you.
You barely miss the kobold.
The kobold hits you but does no damage. x2
You closely miss the kobold. The kobold hits you with a +0 mace.
You hit the kobold but do no damage. You block the kobold's attack.
You closely miss the kobold. The kobold hits you but does no damage.
The kobold hits you with a +0 mace.
You miss the kobold. The kobold closely misses you.
You hit the kobold but do no damage. The kobold hits you with a +0 mace.
Ouch! That really hurt!
* * * LOW HITPOINT WARNING * * *
You are too injured to fight recklessly!
You are too injured to fight recklessly!
You are too injured to fight recklessly!
You are too injured to fight recklessly!
You are too injured to fight recklessly!
You are too injured to fight recklessly!
Unknown command.
Unknown command.
You aren't carrying any potions.
Unknown command.
The kobold hits you but does no damage. Why would you want to do that?
There is an open door here.
You barely miss the kobold. The kobold hits you with a +0 mace.
Ouch! That really hurt!
You die...

##§..###.........##
#≈≈..##...........##
#≈...##............#
+§..('8.....<.......
#≈..(#'............#
#≈≈..##...........##
##≈..###.........##
##### ###8'8#8###
######@######
#......K..§§#
#≈≈≈.....§§§#
###≈≈≈≈≈≈≈###
####+####


You could see a kobold.

Vanquished Creatures
  2 goblins (D:1)
2 creatures vanquished.

Notes
Turn   | Place    | Note
-------+----------+-------------------------------------------
     0 | D:1      | dialectric the Gargoyle Wanderer began the quest for the
                  | Orb.
     0 | D:1      | dialectric set off with the following items: a +0 club, a
                  | +0 buckler, a potion of mutation, a +0 chain mail; and the
                  | following spell memorised: Sting; and the following spells
                  | available to memorise: Spider Form.
     0 | D:1      | Reached XP level 1. HP: 10/10 MP: 2/2
     1 | D:1      | Gained mutation: You are vulnerable to heat. (rF-) [potion
                  | of mutation]
     1 | D:1      | Gained mutation: Your spells are a little harder to cast,
                  | but a little more powerful. [potion of mutation]
    45 | D:1      | Slain by a kobold

Illustrated notes

Levels and vault maps discovered:
D:1:      dpeg_arrival_morbid_curiosity, layout_basic,
          shapermc_ecumenical_altar_flowoftime, kennysheep_boxes

Action                     || total
---------------------------++-------
  Melee: Club              ||    20
    Use: Potion            ||     1
 Armour: Chain mail        ||    19
  Dodge: Dodged            ||    10
  Block: Buckler           ||     5

Table legend: (Time is in decaauts)
 A = Elapsed time spent in this place.
 B = Non-inter-level travel time spent in this place.
 C = Inter-level travel time spent in this place.
 D = Time resting spent in this place.
 E = Time spent auto-exploring this place.
 F = Levels seen in this place.
 G = Mean time per level.
                   A        B        C        D        E       F      G
               +--------+--------+--------+--------+--------+-----+--------+
         Total |     51 |     51 |      0 |      0 |     17 |   1 |   51.0 |
       Dungeon |     51 |     51 |      0 |      0 |     17 |   1 |   51.0 |
               +--------+--------+--------+--------+--------+-----+--------+

Top non-repeatable levels by time:
     D:1: 51 daAuts
